Map: Deathaura LE

Players

souL

  • Race: Terran Terran
  • Spawn Location: 5:00

YoutubeTY (TY) - Winner!

  • Race: Terran Terran
  • League: Master
  • Spawn Location: 11:00

Event: War Chest Team League

VOD

Have the link to the VOD?

Description

Time

  • Played on: Aug. 14, 2020, 10:12 a.m.
  • Length: 9:11
Show
View Real Time Build Order
Export as new Build Order

souL Terran 

Build Orders:  

Get SALT Encoding   

  12  0:00  SCV  
  13  0:12  SCV  
  14  0:17  Supply Depot  
  14  0:24  SCV  
  14  0:28  Refinery  
  15  0:39  SCV  
  16  0:45  Barracks  
  16  0:51  SCV  
  16  0:55  Refinery  
  17  1:03  SCV  
  18  1:15  SCV  
  19  1:32  Factory  
  19  1:34  Orbital Command  
  19  1:36  Reaper  
  20  1:49  Supply Depot  
  20  1:59  SCV  
  21  2:09  Reaper  
  21  2:11  SCV  
  23  2:17  Hellion  
  25  2:23  SCV  
  26  2:30  Command Center  
  26  2:35  SCV  
  27  2:42  Reaper  
  27  2:43  Supply Depot  
  28  2:47  Hellion  
  28  2:49  SCV  
  31  3:00  Starport  
  31  3:04  SCV  
  32  3:10  Factory Tech Lab  
  32  3:14  Barracks Reactor  
  32  3:16  SCV  
  33  3:24  Refinery  
  33  3:28  SCV  
  33  3:31  Cyclone  
  37  3:38  Starport Tech Lab  
  37  3:40  SCV  
  38  3:42  Orbital Command  
  38  3:52  Marine x2  
  38  3:53  SCV  
  41  3:59  Raven  
  43  4:05  SCV, Supply Depot  
  43  4:08  SCV  
  45  4:10  Siege Tank  
  45  4:11  Marine  
  48  4:18  SCV  
  48  4:21  Marine  
  48  4:24  SCV  
  50  4:30  SCV, Marine  
  47  4:36  SCV  
  48  4:42  SCV  
  49  4:46  Raven  
  49  4:48  SCV  
  52  4:54  SCV  
  52  4:56  Command Center  
  53  5:00  SCV  
  53  5:01  Supply Depot  
  53  5:06  SCV, Siege Tank  
  58  5:11  Supply Depot  
  58  5:13  SCV  
  59  5:19  SCV  
  60  5:25  SCV, Supply Depot  
  61  5:31  SCV  
  61  5:39  Barracks  
  61  5:40  Stimpack, Marine  
  61  5:41  Starport Reactor  
  61  5:42  SCV  
  63  5:43  Barracks  
  63  5:48  Refinery  
  63  5:51  SCV  
  63  5:56  SCV  
  65  5:58  Marine, Siege Tank  
  65  6:03  SCV  
  70  6:06  Bunker  
  70  6:08  SCV, Orbital Command  
  67  6:15  SCV, Engineering Bay x2  
  67  6:16  Marine  
  69  6:20  SCV  
  70  6:26  Supply Depot  
  70  6:27  SCV, Starport Reactor  
  70  6:28  Orbital Command, Marine x2  
  73  6:33  Siege Tank  
  73  6:37  SCV  
  73  6:39  SCV, Marine  
  78  6:43  Marine  
  78  6:44  Marine  
  78  6:46  Marine x2  
  82  6:50  Terran Infantry Weapons Level 1, Terran Infantry Armor Level 1  
  81  6:56  Marine  
  81  7:01  Supply Depot x2, Marine x2  
  80  7:04  Marine x2  
  84  7:14  Marine  
  74  7:19  Marine x2  
  74  7:22  Marine  
  57  7:23  Marine  
  57  7:24  Medivac x2  
  62  7:30  Siege Tank  
  62  7:32  Marine  
  62  7:36  Combat Shield  
  64  7:37  Marine x2  
  64  7:39  Marine  
  64  7:40  Marine  
  67  7:45  SCV  
  67  7:47  SCV  
  67  7:50  Marine  
  67  7:55  Marine x2  
  67  7:57  SCV, Medivac x2, Marine  
  75  7:58  Marine  
  75  8:03  SCV  
  77  8:08  Marine  
  77  8:10  SCV x2  
  83  8:13  Marine x2  
  83  8:15  Marine  
  83  8:16  Marine  
  83  8:17  Factory  
  83  8:25  Marine  
  84  8:27  Medivac x2  
  84  8:30  Marine  
  84  8:31  Marine  
  84  8:33  Marine  
  79  8:34  Marine  
  63  8:43  Marine  
  58  8:48  Marine x2  
  58  8:49  Barracks  
  58  8:51  Marine, Barracks  
  58  8:52  Marine  
Show
View Real Time Build Order
Export as new Build Order

YoutubeTY Terran - Winner!

Build Orders: Gas First Reaper Expand, Liberator Opening 

Get SALT Encoding   

  12  0:00  SCV  
  13  0:12  SCV  
  14  0:17  Supply Depot  
  14  0:24  SCV  
  14  0:27  Refinery  
  15  0:38  SCV  
  16  0:44  Barracks  
  16  0:50  SCV  
  17  1:02  SCV  
  18  1:15  SCV  
  19  1:31  Reaper  
  19  1:32  Orbital Command  
  20  1:47  Command Center  
  20  1:54  Factory  
  20  1:58  SCV  
  21  2:05  Barracks Reactor  
  21  2:09  Supply Depot  
  21  2:13  SCV  
  22  2:25  SCV  
  23  2:37  SCV  
  23  2:42  Refinery, Starport  
  24  2:46  Hellion x2  
  24  2:49  SCV  
  29  3:00  Orbital Command  
  29  3:02  SCV  
  30  3:07  Hellion  
  30  3:10  Hellion  
  34  3:15  SCV  
  35  3:22  Liberator  
  39  3:27  SCV  
  39  3:29  Hellion  
  39  3:32  Supply Depot  
  41  3:36  Hellion  
  41  3:37  SCV  
  44  3:42  SCV  
  44  3:47  Refinery  
  45  3:50  SCV  
  45  3:54  SCV  
  47  4:02  SCV  
  48  4:04  Factory Tech Lab  
  48  4:06  Marine x2  
  51  4:10  SCV, Starport Tech Lab  
  51  4:13  Supply Depot  
  51  4:14  SCV  
  48  4:22  SCV  
  46  4:24  Marine  
  46  4:26  SCV, Marine  
  46  4:28  Raven  
  49  4:33  Siege Tank  
  49  4:34  SCV  
  49  4:38  SCV  
  53  4:42  Marine  
  53  4:43  Starport, Marine  
  55  4:46  SCV  
  55  4:49  Supply Depot, Refinery  
  55  4:50  SCV  
  57  4:57  Supply Depot  
  57  5:00  Marine  
  57  5:01  Marine  
  62  5:10  Supply Depot x2  
  62  5:11  SCV  
  62  5:12  Raven  
  62  5:14  SCV  
  62  5:16  Supply Depot  
  62  5:18  Siege Tank  
  62  5:19  Marine x2  
  68  5:23  SCV  
  68  5:30  SCV  
  69  5:40  SCV  
  68  5:43  SCV, Supply Depot  
  68  5:45  Viking x2  
  68  5:46  Marine  
  74  5:53  SCV  
  74  5:54  Siege Tank  
  74  5:55  SCV, Viking  
  75  6:05  SCV  
  75  6:07  SCV  
  78  6:16  Viking x2  
  82  6:21  Marine  
  82  6:26  Siege Tank  
  82  6:30  Viking  
  87  6:33  SCV  
  87  6:34  SCV  
  89  6:43  Marine  
  90  6:49  Viking x2  
  94  6:56  Supply Depot  
  94  6:57  Supply Depot  
  94  7:01  Marine  
  96  7:02  SCV x2  
  95  7:22  SCV x2  
  91  7:24  Barracks Tech Lab  
  91  7:26  Liberator  
  91  7:27  Liberator  
  91  7:28  Siege Tank  
  93  7:30  Command Center  
  93  7:34  SCV x2  
  95  7:43  Marine  
  96  7:46  SCV  
  96  7:47  SCV  
  96  7:48  Engineering Bay  
  96  7:50  Engineering Bay  
  98  7:58  SCV, Liberator  
  101  8:02  Barracks  
  101  8:03  Barracks x3  
  101  8:04  Siege Tank  
  101  8:05  Marine  
  106  8:13  SCV x2  
  108  8:25  SCV x2  
  106  8:34  Marine  
  106  8:37  SCV x2  
  106  8:38  Siege Tank  
  103  8:46  Orbital Command  
  103  8:49  SCV x2  
  103  8:52  Marine  
  105  9:05  Barracks Reactor x2  
Tags
 
Add a new tag
Caveats
  • Supply blocks, unpowered buildings, or Contaminate may cause inaccurate times.
  • Supply counts are checked every 10 seconds.